 Dungeon Sprint DCSS version 0.31-a0-806-g0bc164a743 (webtiles) character file.

Game seed: 15145213081854298574

8479 sircluck the Grappler (level 11, -4/166 HPs)
             Began as a Troll Berserker on Sept 21, 2023.
             Was a High Priest of Trog.
             Slain by Rupert
             ... wielding a +0 great mace of pain
              (51 damage)
             ... in the Dungeon (Sprint III: "The Ten Rune Challenge").
             The game lasted 00:04:07 (939 turns).

sircluck the Grappler (Troll Berserker)              Turns: 939, Time: 00:04:08

Health: -4/166     AC:  6    Str: 31    XL:     11   Next: 10%
Magic:  10/10      EV: 13    Int:  3    God:    Trog [*****.]
Gold:   55         SH:  0    Dex:  9    Spells: 10/10 levels left

rFire   . .          .
                       - Unarmed
rCold   . . .        (no shield)
rNeg    . . .        a - +0 animal skin
rPois   .            b - +2 hat
rElec   .            (no cloak)
rCorr   .            (gloves unavailable)
SInv    .            (boots unavailable)
Will    +....        (no amulet) Stlth
                     (no ring)
HPRegen 1.27/turn    (no ring)
MPRegen 0.12/turn

%: no teleportation
@: berserking, very quick
A: large, unfitting armour, claws 3, regeneration 1, shaggy fur 1, tough skin 1,
antennae 1, camouflage 1, frail 1, strong-willed 1
a: Renounce Religion, Berserk, Trog's Hand, Brothers in Arms


You were in the Dungeon.
You worshipped Trog.
Trog was extremely pleased with you.
You visited 1 branch You collected 55 gold pieces.

Inventory:

Armour
 a - a +0 animal skin (worn)
 b - a +2 hat (worn)
Wands
 k - a wand of digging (6)
 m - a wand of paralysis (7)
Scrolls
 g - a scroll of blinking
 j - 2 scrolls of poison
Potions
 c - 3 potions of heal wounds
 d - a potion of haste
 e - 2 potions of magic
 f - a potion of berserk rage
 h - a potion of brilliance
 i - 3 potions of mutation
 l - 2 potions of enlightenment


   Skills:
 + Level 12.7 Fighting
 + Level 12.6 Dodging
 + Level 7.1 Stealth
 + Level 14.8 Unarmed Combat


You had 10 spell levels left.
You didn't know any spells.
Your spell library was empty.

Dungeon Overview and Level Annotations

Branches:
Dungeon (1/1)

Altars:
Cheibriados
Dithmenos
Elyvilon
Fedhas
Gozag
Hepliaklqana
Kikubaaqudgha
Makhleb
Nemelex Xobeh
Okawaru
Qazlal
Ru
Sif Muna
Trog
Uskayaw
Vehumet
Wu Jian
Xom
Yredelemnul
Zin
The Shining One
Jiyva
Lugonu

Annotations:
D Rupert


Innate Abilities, Weirdness & Mutations

You are too large for most types of armour.
You have claws for hands.
Your natural rate of healing is unusually fast.
You are covered in fur. (AC +1)
You have tough skin. (AC +1)
You have a pair of small antennae on your head.
Your skin changes colour to match your surroundings (Stealth+).
You are frail. (-10% HP)
You are strong-willed. (Will+)


Message History

You start waiting.
You recover from your berserk rage.
You open the door.
There is an open door here.
The azure jelly quivers. x2
Rupert the Wild comes into view.
He is wielding a +0 great mace of pain.
Rupert shouts!
Rupert roars madly and goes into a rage!
Rupert goes berserk!
You claw Rupert!
Rupert is lightly wounded.
Rupert hits you with a +0 great mace of pain.
You scratch Rupert.
Rupert is lightly wounded.
Rupert hits you with a +0 great mace of pain!!
Your troll goes berserk!
Rupert misses you.
Rupert hits you with a +0 great mace of pain!!
Rupert attacks as he pursues you! Rupert misses you.
You swap places.
Rupert hits your troll with a +0 great mace of pain!!!
Your troll bites Rupert!
Your troll claws Rupert.
Your troll barely misses Rupert.
Rupert barely misses your troll.
Your troll bites Rupert!
Your troll claws Rupert. x2
Rupert hits your troll with a +0 great mace of pain!!!
Your troll dies!
Your troll's corpse disappears in a puff of smoke!
A red film seems to cover your vision as you go berserk!
You feel yourself moving faster!
You feel mighty! Rupert barely misses you.
You eviscerate Rupert!!!
Rupert is moderately wounded.
You mangle Rupert!! You claw Rupert!!
Rupert is severely wounded.
Rupert hits you with a +0 great mace of pain!!
* * * LOW HITPOINT WARNING * * *
You closely miss Rupert.
Rupert is severely wounded.
Rupert hits you with a +0 great mace of pain!!!
You die...
Rupert roars with triumph.

#..# #.. ####....#___#__
▓▓▓▓▓▓▓▓▓▓▓▓▓▓▓▓▓▓▓▓▓▓▓▓
▓..†'~~≈≈~≈)~~♣♣.....♣♣♣
▓...#~~§§§§.≈~♣♣.≈≈≈≈'♣♣
▓...#≈.~§§.§≈≈~'...††#○○
▓...#~.§≈§§~..♣♣♣♣♣♣♣#○○
▓..(#~≈≈~§~...♣ ###
▓##'####+#######♣
▓......@@.......♣
▓#+#############+ ..{# {
▓..J+ ▓.J.# ▓J..# #+###


You could see Rupert (berserk).

Vanquished Creatures
  Gastronok (D)
  2 dire elephants (D)
  Erolcha (D)
  A deep elf pyromancer (D)
  2 cane toads (D)
  A komodo dragon (D)
  A rime drake (D)
  5 blink frogs (D)
  3 wandering mushrooms (D)
  A shadow (D)
  2 redbacks (D)
  A spatial vortex (D)
  A swamp drake (D)
  5 two-headed ogres (D)
  A necrophage (D)
  A water elemental (D)
  A scorpion (D)
  A jelly (D)
  A necromancer (D)
  3 humans (D)
  A kobold demonologist (D)
  An endoplasm (D)
  3 rats (D)
40 creatures vanquished.

Vanquished Creatures (collateral kills)
  2 elephants (D)
2 creatures vanquished.

Vanquished Creatures (others)
  A wizard (D)
1 creature vanquished.

Grand Total: 43 creatures vanquished

Notes
Turn   | Place    | Note
-------+----------+-------------------------------------------
     0 | D        | sircluck the Troll Berserker began the quest for the Orb.
     0 | D        | Reached XP level 1. HP: 22/22 MP: 0/0
    32 | D        | Reached ** piety under Trog
    52 | D        | Noticed a scorpion
    58 | D        | Killed a scorpion
    59 | D        | Reached skill level 5 in Unarmed Combat
    59 | D        | Reached XP level 2. HP: 13/33 MP: 1/1
    59 | D        | Reached XP level 3. HP: 15/40 MP: 2/2
    69 | D        | Reached XP level 4. HP: 7/49 MP: 3/3
    85 | D        | Gained mutation: You have a pair of small antennae on your
                  | head. [potion of mutation]
    85 | D        | Gained mutation: You have very sharp teeth. [potion of
                  | mutation]
    85 | D        | Gained mutation: You occasionally lose the ability to read
                  | scrolls when taking damage. [potion of mutation]
    85 | D        | Gained mutation: You are robust. (+10% HP) [potion of
                  | mutation]
    86 | D        | Lost mutation: You are robust. (+10% HP) [potion of
                  | mutation]
    86 | D        | Lost mutation: You occasionally lose the ability to read
                  | scrolls when taking damage. [potion of mutation]
    86 | D        | Lost mutation: You have very sharp teeth. [potion of
                  | mutation]
    86 | D        | Gained mutation: You are frail. (-10% HP) [potion of
                  | mutation]
    86 | D        | Gained mutation: You are strong-willed. (Will+) [potion of
                  | mutation]
    86 | D        | Gained mutation: Your skin changes colour to match your
                  | surroundings (Stealth+). [potion of mutation]
    91 | D        | Reached skill level 8 in Unarmed Combat
    91 | D        | Reached XP level 5. HP: 38/54 MP: 4/4
   111 | D        | Noticed a water elemental
   116 | D        | Killed a water elemental
   116 | D        | Reached *** piety under Trog
   159 | D        | Found a glowing silver altar of Zin.
   159 | D        | Found a glowing golden altar of the Shining One.
   159 | D        | Found a white marble altar of Elyvilon.
   160 | D        | Noticed a deep elf pyromancer
   163 | D        | Killed a deep elf pyromancer
   164 | D        | Reached skill level 10 in Unarmed Combat
   164 | D        | Reached XP level 6. HP: 57/66 MP: 5/5
   164 | D        | Reached XP level 7. HP: 62/72 MP: 6/6
   178 | D        | Found a hide-covered altar of Uskayaw.
   178 | D        | Found an iron altar of Okawaru.
   178 | D        | Found a bloodstained altar of Trog.
   178 | D        | Found an ornate altar of the Wu Jian Council.
   178 | D        | Noticed a human
   178 | D        | Noticed a human
   183 | D        | Killed a human
   184 | D        | Reached skill level 1 in Stealth
   190 | D        | Killed a human
   190 | D        | Reached **** piety under Trog
   219 | D        | Found a basalt altar of Yredelemnul.
   219 | D        | Found a shadowy altar of Dithmenos.
   219 | D        | Found a sacrificial altar of Ru.
   244 | D        | Found a radiant altar of Vehumet.
   244 | D        | Found a shimmering blue altar of Sif Muna.
   244 | D        | Found an ancient bone altar of Kikubaaqudgha.
   251 | D        | Reached ***** piety under Trog
   252 | D        | Reached XP level 8. HP: 73/82 MP: 7/7
   298 | D        | Reached skill level 11 in Unarmed Combat
   317 | D        | Found a blossoming altar of Fedhas.
   317 | D        | Found a stormy altar of Qazlal.
   317 | D        | Found a snail-covered altar of Cheibriados.
   317 | D        | Found a burning altar of Makhleb.
   317 | D        | Found a shimmering altar of Xom.
   318 | D        | Found a hazy altar of Hepliaklqana.
   318 | D        | Found an opulent altar of Gozag.
   318 | D        | Found a sparkling altar of Nemelex Xobeh.
   318 | D        | Found a corrupted altar of Lugonu.
   318 | D        | Found a viscous altar of Jiyva.
   408 | D        | Noticed a two-headed ogre
   416 | D        | Killed a two-headed ogre
   421 | D        | Noticed Erolcha
   422 | D        | Noticed a two-headed ogre
   430 | D        | HP: 3/83 [something/fireball (27)]
   431 | D        | Killed a two-headed ogre
   431 | D        | Received a gift from Trog
   432 | D        | Reached skill level 10 in Fighting
   432 | D        | Reached skill level 10 in Dodging
   432 | D        | Reached XP level 9. HP: 4/90 MP: 8/8
   432 | D        | Killed Erolcha
   433 | D        | Reached skill level 12 in Unarmed Combat
   524 | D        | Noticed a wandering mushroom
   577 | D        | Noticed a wandering mushroom
   579 | D        | Noticed a wandering mushroom
   598 | D        | Reached ****** piety under Trog
   648 | D        | Noticed a cane toad
   648 | D        | Noticed a komodo dragon
   648 | D        | Noticed a cane toad
   653 | D        | Killed a komodo dragon
   653 | D        | Received a gift from Trog
   654 | D        | Reached skill level 5 in Stealth
   656 | D        | Killed a cane toad
   657 | D        | Reached skill level 13 in Unarmed Combat
   659 | D        | Killed a cane toad
   660 | D        | Reached XP level 10. HP: 44/102 MP: 9/9
   756 | D        | Received a gift from Trog
   840 | D        | Noticed an elephant
   840 | D        | Noticed an elephant
   847 | D        | Killed an elephant
   849 | D        | Noticed a dire elephant
   849 | D        | Killed an elephant
   850 | D        | Reached skill level 14 in Unarmed Combat
   852 | D        | Noticed Gastronok
   857 | D        | Killed a dire elephant
   857 | D        | Noticed a dire elephant
   862 | D        | Killed a dire elephant
   870 | D        | Killed Gastronok
   871 | D        | Reached XP level 11. HP: 111/111 MP: 10/10
   920 | D        | Noticed an azure jelly
   920 | D        | Noticed an azure jelly
   920 | D        | Noticed an azure jelly
   921 | D        | Noticed an azure jelly
   923 | D        | Noticed Rupert
   939 | D        | Slain by Rupert

Illustrated notes

Levels and vault maps discovered:
D:        dungeon_sprint_mu [sprint_mu_entry_cave, sprint_mu_temple_rooms,
          sprint_mu_d1_spiders, sprint_mu_d2_genie, sprint_mu_d3_branching,
          sprint_mu_orc_legion, sprint_mu_elf_gauntlet, sprint_mu_hive_nellie,
          sprint_mu_lair_fedhas, sprint_mu_vaults_butterflies,
          sprint_mu_slime_circle, sprint_mu_shoals_archi,
          sprint_mu_snake_twists, sprint_mu_blade_basic, sprint_mu_crypt_lich,
          sprint_mu_tomb_spiral, sprint_mu_vestibule_basic,
          sprint_mu_gehenna_hellfire, sprint_mu_dis_giant,
          sprint_mu_tartarus_statrot, sprint_mu_cocytus_islands, sprint_mu_zot1]

Skill      XL: |  1  2  3  4  5  6  7  8  9 10 |
---------------+-------------------------------+-----
Fighting       | 4 6 8 9 10 11 12 | 12.7
Dodging        | 4 6 8 9 10 11 12 | 12.6
Unarmed Combat | 5 8 10 11 13 14 | 14.8
Stealth        | 1 3 5 7 |  7.1

Action                     |  1- 3 |  4- 6 |  7- 9 | 10-12 || total
---------------------------+-------+-------+-------+-------++-------
  Melee: Unarmed           |    25 |     6 |    87 |    41 ||   159
         Punch             |     2 |     1 |     7 |     3 ||    13
 Invoke: Berserk           |       |     1 |     1 |     2 ||     4
         Brothers in Arms  |       |       |       |     2 ||     2
    Use: Scroll            |       |     4 |       |       ||     4
         Potion            |       |     3 |     1 |       ||     4
   Stab: Sleeping          |       |     1 |     3 |     2 ||     6
 Armour: Animal skin       |    14 |     2 |    48 |    27 ||    91
  Dodge: Dodged            |    10 |     1 |    40 |    25 ||    76

Table legend: (Time is in decaauts)
 A = Elapsed time spent in this place.
 B = Non-inter-level travel time spent in this place.
 C = Inter-level travel time spent in this place.
 D = Time resting spent in this place.
 E = Time spent auto-exploring this place.
 F = Levels seen in this place.
 G = Mean time per level.
                   A        B        C        D        E       F      G
               +--------+--------+--------+--------+--------+-----+--------+
         Total |    937 |    928 |      9 |    373 |    220 |   1 |  937.0 |
       Dungeon |    937 |    928 |      9 |    373 |    220 |   1 |  937.0 |
               +--------+--------+--------+--------+--------+-----+--------+

Top non-repeatable levels by time:
       D: 937 daAuts
